 Dungeon Crawl Stone Soup version 0.32-a0-411-g744942f433 (webtiles) character file.

Game seed: 10661607691977105263

940 ezpacito the Trooper (level 7, -2/55 HPs)
             Began as a Demonspawn Chaos Knight on Feb 21, 2024.
             Was a Plaything of Xom.
             Succumbed to a scorpion's poison
             ... on level 5 of the Dungeon.
             The game lasted 00:06:45 (4117 turns).

ezpacito the Trooper (Demonspawn Chaos Knight)      Turns: 4117, Time: 00:06:46

Health: -2/55      AC:  8    Str: 14    XL:     7   Next: 88%
Magic:  18/18      EV: 12    Int: 13    God:    Xom [...*..]
Gold:   170        SH:  0    Dex: 12    Spells: 9/9 levels left

rFire   + . .        a - +0 hand axe (chaos)
rCold   + . .        (no shield)
rNeg    . . .        b - +2 leather armour
rPois   +            (no helmet)
rElec   +            p - +0 cloak
rCorr   +            (no gloves)
SInv    .            (no boots)
Will    +....        d - amulet of faith
Stlth   ++           h - ring of magical power
HPRegen 0.29/turn    q - ring of flight
MPRegen 0.16/turn

%: faith
@: lethally poisoned (-2 -> -19), resistant, enlightened, flying, wreathed by
umbra
A: powered by pain 2, weakness stinger 1, foul shadow 1, talons 1, iridescent
scales 1, sense surroundings 1, wild magic 2
a: Renounce Religion


You were on level 5 of the Dungeon.
You worshipped Xom.
You were a favourite toy of Xom.
You visited 1 branch of the dungeon, and saw 6 of its levels.

You collected 170 gold pieces.

Inventory:

Hand Weapons
 a - a +0 hand axe of chaos (weapon)
 n - a +0 battleaxe
 w - a +0 war axe
Missiles
 j - 2 boomerangs
 m - 5 poisoned darts (quivered)
 s - a throwing net
Armour
 b - a +2 leather armour (worn)
 i - a +0 buckler
 l - an orb of energy
 p - a +0 cloak (worn)
Jewellery
 d - an amulet of faith (around neck)
 h - a ring of magical power (left hand)
 q - a ring of flight (right hand)
 r - a ring of protection from fire
Wands
 e - a wand of iceblast (5)
Scrolls
 c - a scroll of butterflies
 f - a scroll of noise
 o - 2 scrolls of silence
 x - a scroll of teleportation
Potions
 g - 3 potions of mutation
 k - a potion of haste
 t - a potion of brilliance


   Skills:
 * Level 4.6 Fighting
 * Level 4.3 Axes
 + Level 0.0 Throwing
 * Level 3.5 Armour
 * Level 3.1 Dodging
 * Level 3.1 Stealth
 * Level 2.6 Unarmed Combat
 + Level 1.9 Spellcasting
 + Level 0.8 Evocations


You had 9 spell levels left.
You didn't know any spells.
Your spell library contained the following spells:

 Spells                   Type           Power      Damage    Failure   Level
 Conjure Ball Lightning   Conj/Air       1%         3x3d6     100%        6
 Discord                  Hex            1%         N/A       100%        8
 Disjunction              Tloc           1%         N/A       100%        8


Dungeon Overview and Level Annotations

Branches:
Dungeon (6/15)
 Temple: D:4-7

Altars:
Cheibriados
Gozag
Nemelex Xobeh
Wu Jian
Xom


Innate Abilities, Weirdness & Mutations

You sometimes gain power by taking damage.
You have a small tail.
You are faintly shadowed, very rarely releasing foul flame when damaged in melee.
You have sharp toenails.
You are partially covered in iridescent scales. (AC +2)
You passively map a small area around you.
Your spells are harder to cast, but more powerful.


Message History

The scorpion poisons you!
You hit the scorpion.
The scorpion is heavily wounded.
You feel very sick. The scorpion stings you.
You are more poisoned.
The scorpion poisons you!
The scorpion is seared by the foul flame within you!
The scorpion is severely wounded.
The scorpion stings you.
You are more poisoned.
The scorpion poisons you!
The scorpion is seared by the foul flame within you!
The scorpion is almost dead.
You are too injured to fight recklessly!
You are too injured to fight recklessly!
You are too injured to fight recklessly!
It was a potion of enlightenment.
You feel more buoyant.
* * * LOW HITPOINT WARNING * * *
You feel extremely sick. The scorpion barely misses you.
The scorpion closely misses you.
You barely miss the scorpion.
The scorpion is almost dead.
* * * LOW HITPOINT WARNING * * *
You feel extremely sick. The scorpion barely misses you.
The scorpion closely misses you.
You hit the scorpion.
You claw the scorpion, but do no damage.
The scorpion is almost dead.
* * * LOW HITPOINT WARNING * * *
You feel very sick.
The scorpion stings you but does no damage.
The scorpion barely misses you.
Okay, then.
Okay, then.
Okay, then.
You feel protected.
You die...
Xom bursts into laughter!

, ,
#.#.##.##########
#.#.##.......#
..#.......##.#
,..#######.##.# *
#.# #.##.#
###.#######+##.# ,
.............#.###
*
###..........'...#
......†@.....#####
##....s......# *
#...[....$..# ,
*#.########### ..,
,, . ,, ,* , , , ,
, , ,


You could see a neutral scorpion (fast, strong, frenzied, weak).

Vanquished Creatures
  Duvessa (D:4)
  An ogre (D:4)
  A scorpion (D:4)
  Dowan (D:4)
  4 bombardier beetles
  Crazy Yiuf (D:2)
  An iguana (D:4)
  4 orc wizards
  4 gnolls (D:4)
  3 adders
  2 ufetubi (D:5)
  2 ribbon worms
  2 dart slugs (D:1)
  13 orcs
  3 ball pythons
  12 endoplasms
  5 goblins
  3 hobgoblins
  4 jackals
  5 quokkas
  3 bats
  3 frilled lizards
  6 kobolds
  2 rats (D:3)
86 creatures vanquished.

Vanquished Creatures (collateral kills)
  An ogre (D:4)
  A hound (D:4)
  An orc (D:4)
  A goblin (D:4)
  A jackal (D:5)
  2 kobolds (D:4)
7 creatures vanquished.

Vanquished Creatures (others)
  An orc zombie (D:4)
1 creature vanquished.

Grand Total: 94 creatures vanquished

Notes
Turn   | Place    | Note
-------+----------+-------------------------------------------
     0 | D:1      | ezpacito the Demonspawn Chaos Knight began the quest for
                  | the Orb.
     0 | D:1      | Reached XP level 1. HP: 18/18 MP: 1/1
    72 | D:1      | Reached skill level 1 in Dodging
   167 | D:1      | Gained mutation: You are faintly shadowed, very rarely
                  | releasing foul flame when damaged in melee. [demonic
                  | ancestry]
   167 | D:1      | Reached XP level 2. HP: 21/24 MP: 2/2
   390 | D:1      | XOM: silly message
   452 | D:1      | Gained mutation: You sometimes gain a little power by
                  | taking damage. [demonic ancestry]
   452 | D:1      | Reached XP level 3. HP: 27/29 MP: 3/3
   953 | D:2      | Reached skill level 1 in Stealth
  1141 | D:2      | XOM: divination: detect creatures
  1254 | D:2      | XOM: divination: detect creatures
  1298 | D:2      | Found a faded altar of an unknown god.
  1376 | D:2      | XOM: noise
  1495 | D:2      | Gained mutation: You sometimes gain power by taking damage.
                  | [demonic ancestry]
  1495 | D:2      | Reached XP level 4. HP: 35/35 MP: 4/4
  1510 | D:2      | XOM: scenery: create altars
  1682 | D:2      | Found a runed translucent door.
  1683 | D:2      | Noticed Crazy Yiuf
  1826 | D:2      | XOM: give mutations
  1826 | D:2      | Gained mutation: Your flesh is heat resistant. (rF+) [Xom's
                  | grace]
  1826 | D:2      | Gained mutation: You are partially covered in iridescent
                  | scales. (AC +2) [Xom's grace]
  1826 | D:2      | Gained mutation: Your flesh is cold resistant. (rC+) [Xom's
                  | grace]
  1826 | D:2      | Gained mutation: You are mostly covered in iridescent
                  | scales. (AC +4) [Xom's grace]
  1919 | D:2      | Killed Crazy Yiuf
  1920 | D:2      | Reached skill level 1 in Unarmed Combat
  1936 | D:2      | XOM: 5-stop teleportation journey
  2090 | D:3      | Found a snail-covered altar of Cheibriados.
  2102 | D:3      | XOM: scenery: summon butterflies
  2104 | D:3      | XOM: polymorph butterfly -> brain worm
  2105 | D:3      | Lost mutation: Your flesh is heat resistant. (rF+) [potion
                  | of mutation]
  2105 | D:3      | Lost mutation: You are mostly covered in iridescent scales.
                  | (AC +4) [potion of mutation]
  2105 | D:3      | Gained mutation: You are clumsy. (Dex -2) [potion of
                  | mutation]
  2105 | D:3      | Gained mutation: You are mostly covered in iridescent
                  | scales. (AC +4) [potion of mutation]
  2106 | D:3      | Lost mutation: Your flesh is cold resistant. (rC+) [potion
                  | of mutation]
  2106 | D:3      | Lost mutation: You are clumsy. (Dex -2) [potion of
                  | mutation]
  2106 | D:3      | Lost mutation: You are mostly covered in iridescent scales.
                  | (AC +4) [potion of mutation]
  2106 | D:3      | Gained mutation: Your spells are a little harder to cast,
                  | but a little more powerful. [potion of mutation]
  2106 | D:3      | Gained mutation: You possess an exceptional clarity of
                  | mind. [potion of mutation]
  2113 | D:3      | Discovered your monstrous ancestry.
  2113 | D:3      | Gained mutation: You have a small tail. [demonic ancestry]
  2113 | D:3      | Reached XP level 5. HP: 25/41 MP: 5/5
  2195 | D:3      | XOM: 3-stop teleportation journey
  2345 | D:3      | XOM: give mutation
  2345 | D:3      | Gained mutation: Your spells are harder to cast, but more
                  | powerful. [Xom's grace]
  2356 | D:3      | XOM: scenery: summon butterflies
  2417 | D:3      | a bat changed into a swamp drake
  2417 | D:3      | Noticed a swamp drake
  2419 | D:3      | a swamp drake changed into a jackal
  2419 | D:3      | XOM: polymorph swamp drake -> jackal
  2458 | D:3      | Found an ornate altar of the Wu Jian Council.
  2488 | D:3      | XOM: silly message
  2603 | D:3      | XOM: enchant monster (bad)
  2717 | D:3      | Reached skill level 1 in Spellcasting
  2746 | D:3      | Found an opulent altar of Gozag.
  2746 | D:3      | Found a sparkling altar of Nemelex Xobeh.
  2772 | D:4      | Noticed Duvessa
  2773 | D:4      | XOM: scenery: summon butterflies
  2773 | D:4      | Noticed Dowan
  2774 | D:4      | XOM: scenery: create altars
  2915 | D:4      | Killed Duvessa
  2915 | D:4      | XOM: enchant monster (bad)
  2916 | D:4      | Reached XP level 6. HP: 38/48 MP: 7/7
  2916 | D:4      | Killed Dowan
  2918 | D:4      | You are sucked into a shaft and drop 2 floors!
  2958 | D:6      | XOM: repel stairs
  2981 | D:5      | Entered Level 5 of the Dungeon
  3008 | D:5      | Reached XP level 7. HP: 26/54 MP: 9/9
  3064 | D:5      | XOM: torment (22/54 hp)
  3214 | D:4      | XOM: butterfly on damage
  3215 | D:4      | XOM: divination: magic mapping
  3216 | D:4      | XOM: polymorph butterfly -> kobold
  3219 | D:4      | XOM: divination: detect creatures
  3296 | D:4      | XOM: give mutations
  3296 | D:4      | Gained mutation: You have supernaturally acute eyesight.
                  | (SInv) [Xom's mischief]
  3296 | D:4      | Gained mutation: You have sharp toenails. [Xom's mischief]
  3344 | D:4      | XOM: divination: detect creatures
  3454 | D:4      | XOM: swap monsters
  3462 | D:4      | XOM: summons friendly iron imp
  3469 | D:4      | HP: 2/55 [ogre/+0 giant club (20)]
  3580 | D:4      | XOM: cloud trail
  3893 | D:4      | XOM: summons 1 hostile demon
  3998 | D:4      | XOM: give mutations
  3998 | D:4      | Lost mutation: You possess an exceptional clarity of mind.
                  | [Xom's mischief]
  3998 | D:4      | Lost mutation: You have supernaturally acute eyesight.
                  | (SInv) [Xom's mischief]
  3998 | D:4      | Gained mutation: You passively map a small area around you.
                  | [Xom's mischief]
  4116 | D:5      | HP: 2/55 [poisoned by a scorpion]
  4117 | D:5      | Succumbed to a scorpion's poison

Illustrated notes

Levels and vault maps discovered:
D:1:      tarquinn_simple_flora_water_a, layout_loops_cross
D:2:      layout_loops_corners, basic_ecumenical_altar, minmay_misc_feat_x,
          grunt_decor_fettered, uniq_crazy_yiuf_cottage
D:3:      layout_rooms, grunt_temple_overflow_opulence, slow_altar_1,
          minitemple, kennysheep_donut
D:4:      layout_cave_pools, uniq_duvessa
D:5:      layout_basic
D:6:      layout_cave_pools, nzn_hepliaklqana_mist_gate,
          minmay_temple_entry_grid, nicolae_shop_self_help, uniq_maggie

Skill      XL: |  1  2  3  4  5  6  7 |
---------------+----------------------+-----
Dodging        | 1 2 3 |  3.1
Armour         | 2 3 |  3.5
Stealth        | 1 2 3 |  3.1
Axes           | 3 4 |  4.3
Unarmed Combat | 1 2 |  2.6
Spellcasting   | 1 |  1.9
Fighting       | 4 |  4.6
Evocations     | |  0.8

Action                     |  1- 3 |  4- 6 |  7- 9 || total
---------------------------+-------+-------+-------++-------
  Melee: Hand axe          |   137 |   121 |    68 ||   326
         Tailslap          |       |     9 |     3 ||    12
         Kick              |       |       |    18 ||    18
    Use: Potion            |       |     5 |     5 ||    10
         Scroll            |       |     5 |     5 ||    10
   Stab: Sleeping          |     2 |       |     2 ||     4
         Distracted        |     1 |     1 |       ||     2
         Paralysed         |       |     1 |       ||     1
         Invisible         |       |       |     5 ||     5
 Armour: Leather armour    |    64 |    93 |    55 ||   212
  Dodge: Dodged            |    99 |    92 |    92 ||   283

Table legend: (Time is in decaauts)
 A = Elapsed time spent in this place.
 B = Non-inter-level travel time spent in this place.
 C = Inter-level travel time spent in this place.
 D = Time resting spent in this place.
 E = Time spent auto-exploring this place.
 F = Levels seen in this place.
 G = Mean time per level.
                   A        B        C        D        E       F      G
               +--------+--------+--------+--------+--------+-----+--------+
         Total |   4150 |   3999 |    151 |    279 |   2865 |   6 |  691.7 |
       Dungeon |   4150 |   3999 |    151 |    279 |   2865 |   6 |  691.7 |
               +--------+--------+--------+--------+--------+-----+--------+

Top non-repeatable levels by time:
     D:2: 1183 daAuts
     D:1: 887 daAuts
     D:3: 858 daAuts
     D:4: 832 daAuts
     D:5: 312 daAuts
     D:6: 76 daAuts
